 Dungeon Crawl Stone Soup version 0.19.5 (webtiles) character file.

58 Gargoyl the Skirmisher (level 4, -3/40 HPs)
             Began as a Ghoul Abyssal Knight on Mar 5, 2017.
             Was a Follower of Lugonu.
             Slain by an adder (4 damage)
             ... on level 3 of the Dungeon.
             The game lasted 00:05:44 (2031 turns).

Gargoyl the Skirmisher (Ghoul Abyssal Knight)       Turns: 2031, Time: 00:05:45

Health: -3/40      AC:  3    Str: 19 (20) XL:     4   Next: 2%
Magic:  4/4        EV:  8    Int:  6 (7)  God:    Lugonu [*.....]
Gold:   82         SH:  7    Dex:  8 (9)  Spells: 0 memorised, 3 levels left

rFire  + . .     SeeInvis .     o - +0 war axe
rCold  + + .     Gourm    .     b - +0 leather armour
rNeg   + + +     Faith    .     h - +0 shield
rPois  ∞         Spirit   .     (no helmet)
rElec  +         Reflect  .     (no cloak)
rCorr  +         Harm     .     (no gloves)
MR     .....                    (no boots)
Stlth  +.........               (no amulet)
                                (no ring)
                                d - ring of resist corrosion

@: mighty, resistant, rotting
A: rotting body, claws 1, carnivore 3, cold resistance 1, negative energy
resistance 3, slow regeneration 1, torment resistance, unbreathing
a: Depart the Abyss, Renounce Religion


You were on level 3 of the Dungeon.
You worshipped Lugonu.
Lugonu was aware of your devotion.
You were not hungry.

You visited 1 branch of the dungeon, and saw 4 of its levels.
You visited the Abyss 1 time.

You collected 82 gold pieces.

Inventory:

Hand Weapons
 a - a +2 hand axe
 o - a +0 war axe (weapon)
Missiles
 j - 7 tomahawks (quivered)
Armour
 b - a +0 leather armour (worn)
 h - a +0 shield (worn)
Jewellery
 d - a ring of resist corrosion (left claw)
Scrolls
 i - 3 scrolls of remove curse
 l - a scroll of teleportation
 q - a scroll of noise {unknown}
Potions
 n - a potion of berserk rage {unknown}
 p - a potion of haste
Books
 g - a book of Changes

   Spells                             Type                      Level
   a - Beastly Appendage              Transmutation                1
   b - Sticks to Snakes               Transmutation                2
   c - Spider Form                    Transmutation/Poison         3
   d - Ice Form                       Ice/Transmutation            4
   e - Blade Hands                    Transmutation                5
Comestibles
 c - a meat ration


   Skills:
 + Level 4.0 Fighting
 + Level 2.0 Axes
 * Level 2.5 Armour
 + Level 1.2 Dodging
 * Level 0.8 Shields
 * Level 2.1 Invocations


You had 3 spell levels left.
You didn't know any spells.

Dungeon Overview and Level Annotations

Branches:
Dungeon (4/15)
 Temple: D:4-7

Altars:
Dithmenos


Innate Abilities, Weirdness & Mutations

Your body is rotting away.
You thrive on raw meat.
You are immune to poison.
You have sharp fingernails.
You are carnivorous and can eat meat at any time.
Your flesh is cold resistant. (rC+)
You are immune to negative energy. (rN+++)
You regenerate slowly when monsters are visible.
You are immune to unholy pain and torment.
You can survive without breathing.


Message History

You closely miss the adder. You miss the adder. You block the adder's attack.
The adder closely misses you. You block the adder's attack.
The adder bites you.
* * * LOW HITPOINT WARNING * * *
Unknown command.
It was a potion of mutation.
You feel extremely strange.
Your body decomposes!
You feel clumsy.
Your body decomposes!
You feel dopey.
Your body decomposes!
You feel weakened. The adder bites you.
* * * LOW HITPOINT WARNING * * *
The adder bites you but does no damage.
It was a potion of resistance.
You feel protected. The adder bites you but does no damage.
You block the adder's attack. x2
The adder bites you.
You die...

#†# ......................#
#.# ######...............#
#.# ....###.###........#
#K# ##.....###.##.....# #.#
#..##.......#.#### #S#
#..##.......#.#### #.#
#...........#.....
#.#########S##.......#####.
#.......KS@.########## #.
############# #. #. #.
####### #. #.....#### #.
#######.###..... #.
.............## ##
#######.####.####.##


You could see 2 adders and a kobold.

Vanquished Creatures
  2 adders
  A dart slug (D:1)
  2 leopard geckos
  A giant cockroach (D:2)
  5 hobgoblins
  3 jackals (D:4)
  A quokka (D:2)
  2 bats (D:2)
  5 frilled lizards
  6 goblins
  6 kobolds
  2 rats
36 creatures vanquished.

Notes
Turn   | Place    | Note
-------+----------+-------------------------------------------
     0 | Abyss:1  | Gargoyl the Ghoul Abyssal Knight began the quest for the Orb.
     0 | Abyss:1  | Reached XP level 1. HP: 19/19 MP: 1/1
    97 | Abyss:1  | Noticed a small abomination
   142 | D:1      | Escaped the Abyss
   172 | D:1      | Reached skill level 1 in Dodging
   365 | D:1      | Reached XP level 2. HP: 21/27 MP: 2/2
   662 | D:2      | Reached * piety under Lugonu
   766 | D:2      | Found a shadowy altar of Dithmenos.
   822 | D:2      | Reached XP level 3. HP: 11/33 MP: 3/3
  1107 | D:2      | Reached skill level 4 in Fighting
  2010 | D:4      | Reached XP level 4. HP: 34/40 MP: 4/4
  2029 | D:3      | HP: 2/40 [adder (3)]
  2031 | D:3      | Slain by an adder

Skill      XL: |  1  2  3 |
---------------+----------+-----
Dodging        | 1 |  1.2
Armour         | 2 |  2.5
Fighting       | 4 |  4.0
Axes           | 2 |  2.0
Shields        | |  0.8
Invocations    | |  2.1

Action                   |  1- 3 |  4- 6 || total
-------------------------+-------+-------++-------
Melee: Hand axe          |    95 |       ||    95
       War axe           |    43 |    16 ||    59
Invok: Depart the Abyss  |     1 |       ||     1
  Use: Scroll            |     6 |       ||     6
       Potion            |     3 |     3 ||     6
  Eat: Chunk             |    16 |       ||    16
Armor: Leather armour    |    45 |     7 ||    52
Dodge: Dodged            |    83 |     8 ||    91
Block: Shield            |    61 |    14 ||    75
